 Dungeon Crawl Stone Soup version 0.22-a0-480-g991dd4b (webtiles) character file.

51 Tallim the Poker (level 3, -10/27 HPs)
             Began as a Merfolk Skald on June 15, 2018.
             Mangled by Sigmund
             ... wielding a +0 scythe
              (12 damage)
             ... on level 2 of the Dungeon.
             The game lasted 00:03:27 (1346 turns).

Tallim the Poker (Merfolk Skald)                    Turns: 1346, Time: 00:03:28

Health: -10/27     AC:  5    Str: 11    XL:     3   Next: 83%
Magic:  6/6        EV: 11    Int: 12    God:
Gold:   67         SH:  0    Dex: 14    Spells: 3/6 levels left

rFire    . . .     SeeInvis .   a - +0 spear
rCold    . . .     Gourm    .   (no shield)
rNeg     . . .     Faith    .   e - +0 ring mail
rPois    .         Spirit   .   (no helmet)
rElec    .         Reflect  .   (no cloak)
rCorr    .         Harm     .   (no gloves)
MR       .....                  (no boots)
Stlth    +.........             (no amulet)
HPRegen  0.09/turn              (no ring)
MPRegen  0.10/turn              (no ring)

@: no status effects
A: change form in water, swift swim, stealthy swim
a: no special abilities


You were on level 2 of the Dungeon.
You were not hungry.

You visited 1 branch of the dungeon, and saw 2 of its levels.

You collected 67 gold pieces.

Inventory:

Hand Weapons
 a - a +0 spear (weapon)
Armour
 b - a +0 leather armour
 e - a +0 ring mail (worn)
Scrolls
 c - 3 scrolls of identify {unknown}
 f - a scroll of teleportation {unknown}
 g - a scroll of amnesia {unknown}
 h - a scroll of magic mapping {unknown}
 i - a scroll of enchant weapon {unknown}
 j - a scroll of blinking {unknown}
Potions
 k - a potion of flight {unknown}
 l - a potion of berserk rage {unknown}
 m - a potion of cancellation {unknown}
 n - a potion of curing {unknown}
Comestibles
 d - a ration


   Skills:
 - Level 2.1 Fighting
 + Level 5.9 Polearms
 - Level 0.6 Armour
 - Level 2.6 Dodging
 - Level 2.0 Spellcasting
 - Level 3.2 Charms


You had 3 spell levels left.
You knew the following spells:

 Your Spells              Type           Power        Failure   Level  Hunger
a - Infusion              Chrm           #...         17%         1    ##.....
b - Song of Slaying       Chrm           #.......     26%         2    ###....

Your spell library contained the following spells:

 Spells                   Type           Power        Failure   Level  Hunger
 Regeneration             Chrm/Necr      #.........   71%         3    ####...
 Shroud of Golubria       Chrm/Tloc      #.........   45%         2    ###....
 Spectral Weapon          Hex/Chrm       #.......     71%         3    ####...


Dungeon Overview and Level Annotations

Branches:
Dungeon (2/15)

Altars:

Annotations:
D:2 Sigmund


Message History

Sigmund is heavily wounded.
Sigmund closely misses you.
You hit Sigmund.
Sigmund is heavily wounded.
You see here a rat corpse.
You closely miss Sigmund.
Sigmund is heavily wounded.
Your song has ended.
Sigmund closely misses you.
You closely miss Sigmund.
Sigmund is heavily wounded.
You hit Sigmund.
Sigmund is severely wounded.
Sigmund barely misses you.
You barely miss Sigmund.
Sigmund is severely wounded.
You hit Sigmund but do no damage.
Sigmund is severely wounded.
Sigmund hits you with a scythe!
You die...

#.#)## #.#..#..![.....#
.....###..#............#
..#.......##...........##
...........[.............
......####..##.........##
...<.>.# .......(.....
.†..##.# #........##
..†.##.# #####@.......
....##.######...@.####.##
...###..##....#####
....###.##†####
....###....###
......†..........
.....############ ....##
...## ..##


You could see Sigmund.

Vanquished Creatures
  An adder (D:2)
  An ooze (D:2)
  A worm (D:2)
  2 dart slugs
  4 goblins (D:1)
  6 hobgoblins (D:1)
  3 jackals (D:2)
  A kobold (D:1)
  5 bats
  A frilled lizard (D:2)
  4 rats
29 creatures vanquished.

Notes
Turn   | Place    | Note
-------+----------+-------------------------------------------
     0 | D:1      | Tallim the Merfolk Skald began the quest for the Orb.
     0 | D:1      | Reached XP level 1. HP: 16/16 MP: 3/3
   352 | D:1      | Reached skill level 4 in Polearms
   352 | D:1      | Reached XP level 2. HP: 22/22 MP: 1/5
   362 | D:1      | Learned a level 2 spell: Song of Slaying
  1163 | D:2      | Reached skill level 5 in Polearms
  1163 | D:2      | Reached XP level 3. HP: 26/27 MP: 3/6
  1309 | D:2      | Noticed Sigmund
  1346 | D:2      | Mangled by Sigmund

Vault maps used:
D:1:      dpeg_arrival_leaves_temple_mockup, st_stairs_8
D:2:      minmay_split_cup_small, uniq_crazy_yiuf_cottage, uniq_sigmund

Skill      XL: |  1  2 |
---------------+-------+-----
Polearms       | 4 5 |  5.9
Fighting       | |  2.1
Armour         | |  0.6
Dodging        | |  2.6
Spellcasting   | |  2.0
Charms         | |  3.2

Action                   || total
-------------------------++-------
Melee: Spear             ||   136
 Cast: Infusion          ||     1
       Song of Slaying   ||     2
  Eat: Ration            ||     1
Armor: Leather armour    ||     2
       Ring mail         ||    42
Dodge: Dodged            ||    72

Table legend:
 A = Spawn XP
 B = Non-spawn XP
 C = Spawn XP percentage of total XP
 D = Spawn monster count
 E = Non-spawn monster count
 F = Spawn count percentage of total count
 G = Total turns spent on level
                    A         B        C        D         E        F      G
               +---------+---------+-------+---------+---------+-------+---------
         Total |       0 |      74 |   0.0 |       0 |      29 |   0.0 |  1346
               +---------+---------+-------+---------+---------+-------+---------
           D:1 |       0 |      31 |   0.0 |       0 |      17 |   0.0 |  1151
           D:2 |       0 |      43 |   0.0 |       0 |      12 |   0.0 |   195
               +---------+---------+-------+---------+---------+-------+---------
